 Dungeon Crawl Stone Soup version 0.22.1-2-g9c5b331 (webtiles) character file.

137 Matador8 the Insei (level 5, 0/37 HPs)
             Began as a Merfolk Transmuter on Dec 19, 2018.
             Killed by divine providence
             ... invoked by an orc priest
              (11 damage)
             ... on level 3 of the Dungeon.
             The game lasted 00:11:36 (2765 turns).

Matador8 the Insei (Merfolk Transmuter)             Turns: 2765, Time: 00:11:38

Health: 0/37       AC:  3    Str: 11    XL:     5   Next: 20%
Magic:  0/8        EV: 12    Int: 13    God:
Gold:   195        SH:  0    Dex: 14    Spells: 5/8 levels left

rFire    . . .     SeeInvis .     - Unarmed
rCold    . . .     Gourm    .   (no shield)
rNeg     . . .     Faith    .   u - +0 leather armour
rPois    .         Spirit   .   (no helmet)
rElec    .         Reflect  .   (no cloak)
rCorr    .         Harm     .   (no gloves)
MR       .....                  (no boots)
Stlth    +.........             (no amulet)
HPRegen  0.12/turn              (no ring)
MPRegen  0.11/turn              (no ring)

@: very slightly contaminated
A: change form in water, swift swim, stealthy swim
a: no special abilities


You were on level 3 of the Dungeon.
You were very hungry.

You visited 1 branch of the dungeon, and saw 3 of its levels.

You collected 195 gold pieces.

Inventory:

Missiles
 a - 22 arrows
Armour
 l - a +0 helmet
 u - a +0 leather armour (worn)
Jewellery
 j - a cursed ring of attention {unknown}
 p - a +2 amulet of reflection {unknown}
 r - an uncursed ring of ice {unknown}
Scrolls
 b - a scroll of fog {unknown}
 f - 3 scrolls of amnesia {unknown}
 h - 4 scrolls of random uselessness {unknown}
 i - a scroll of immolation {unknown}
 m - 4 scrolls of enchant weapon {unknown}
 n - 2 scrolls of identify {unknown}
 q - a scroll of blinking {unknown}
Potions
 c - 3 potions of curing
 e - a potion of degeneration {unknown}
 g - a potion of mutation {unknown}
 k - a potion of heal wounds {unknown}
 s - a potion of agility
 t - a potion of haste {unknown}
Comestibles
 d - 8 rations


   Skills:
 - Level 1.1 Fighting
 - Level 2.9 Dodging
 + Level 5.1 Unarmed Combat
 - Level 2.0 Spellcasting
 + Level 5.0 Transmutations


You had 5 spell levels left.
You knew the following spells:

 Your Spells              Type           Power        Failure   Level  Hunger
a - Beastly Appendage     Tmut           ##....       4%          1    ##.....
b - Sticks to Snakes      Tmut           ##......     6%          2    ###....

Your spell library contained the following spells:

 Spells                   Type           Power        Failure   Level  Hunger
 Spider Form              Tmut/Pois      #.........   34%         3    ####...
 Ice Form                 Ice/Tmut       #.......     75%         4    #####..
 Blade Hands              Tmut           ##........   75%         5    ######.


Dungeon Overview and Level Annotations

Branches:
Dungeon (3/15)

Altars:
Ashenzari
Makhleb
Sif Muna
Zin


Message History

Your ball python bites the orc but does no damage.
Your ball python constricts the orc.
You hit the orc priest.
The orc priest is heavily wounded.
The orc priest hits you.
* * * LOW HITPOINT WARNING * * *
Your ball python bites the orc but does no damage.
Your ball python constricts the orc.
You hit the orc priest.
The orc priest is heavily wounded.
The orc hits your ball python with a club.
The orc priest misses you.
Your ball python barely misses the orc.
Your ball python constricts the orc.
You hit the orc priest.
The orc priest is severely wounded.
The orc hits your ball python with a club.
Your ball python dies!
The orc priest mumbles some strange prayers to Beogh against you.
Beogh smites you!
You die...

o.......................
>.......(...............
....#.(###########.####
# #..# #..# #.(# ##.#
+..# #.## #ol# #..# ##o#
##.# #@# #.## #.# #..#
#.# ##.# #.# #.. #.# ##.
..# #. ..# #. ### ## #


You could see an orc priest, an orc (unaware) and a frilled lizard.

Vanquished Creatures
  An orc wizard (D:3)
  A howler monkey zombie (D:3)
  3 adders (D:2)
  2 oozes
  A dart slug (D:2)
  2 orcs (D:3)
  5 bats
  6 giant cockroaches
  6 goblins
  8 hobgoblins
  5 kobolds
  3 frilled lizards (D:1)
  6 rats
49 creatures vanquished.

Vanquished Creatures (collateral kills)
  2 adders
  2 orcs (D:3)
  A bat (D:2)
  A goblin (D:2)
  A rat (D:1)
7 creatures vanquished.

Grand Total: 56 creatures vanquished

Notes
Turn   | Place    | Note
-------+----------+-------------------------------------------
     0 | D:1      | Matador8 the Merfolk Transmuter began the quest for the
                  | Orb.
     0 | D:1      | Reached XP level 1. HP: 15/15 MP: 3/3
    97 | D:1      | Reached XP level 2. HP: 3/21 MP: 5/5
   394 | D:1      | Learned a level 2 spell: Sticks to Snakes
   698 | D:1      | Reached XP level 3. HP: 24/26 MP: 3/6
   719 | D:1      | Found a shattered altar of Ashenzari.
  1474 | D:2      | Reached XP level 4. HP: 23/32 MP: 5/7
  1675 | D:2      | Found a burning altar of Makhleb.
  1675 | D:2      | Found a deep blue altar of Sif Muna.
  2329 | D:3      | Reached skill level 5 in Unarmed Combat
  2329 | D:3      | Reached XP level 5. HP: 15/37 MP: 5/8
  2593 | D:3      | Found a glowing silver altar of Zin.
  2754 | D:3      | Reached skill level 5 in Transmutations
  2765 | D:3      | Killed from afar by an orc priest

Skill      XL: |  1  2  3  4  5 |
---------------+----------------+-----
Transmutations | 3 4 5 |  5.0
Unarmed Combat | 4 5 |  5.1
Fighting       | |  1.1
Dodging        | |  2.9
Spellcasting   | |  2.0

Action                   |  1- 3 |  4- 6 || total
-------------------------+-------+-------++-------
Melee: Unarmed           |   109 |    70 ||   179
       Headbutt          |     5 |     2 ||     7
 Cast: Beastly Appendage |     7 |     3 ||    10
       Sticks to Snakes  |     5 |     8 ||    13
  Use: Potion            |       |     2 ||     2
 Stab: Sleeping          |     1 |       ||     1
  Eat: Chunk             |     2 |     4 ||     6
Armor: Robe              |    16 |     1 ||    17
       Leather armour    |       |     4 ||     4
Dodge: Dodged            |    76 |    33 ||   109
